 Dungeon Crawl Stone Soup version 0.29.0-4-gdea44cf6ec (webtiles) character file.

Game seed: 6178347678939138191

4708 qw the Grappler (level 10, -2/105 HPs)
             Began as a Troll Cinder Acolyte on Aug 31, 2022.
             Was a Priest of Ignis.
             Succumbed to an orange demon's poison
             ... on level 9 of the Dungeon.
             The game lasted 00:03:36 (7492 turns).

qw the Grappler (Troll Cinder Acolyte)              Turns: 7492, Time: 00:03:37

Health: -2/105     AC: 18    Str: 32    XL:     10   Next: 22%
Magic:  10/10      EV:  8    Int:  9    God:    Ignis [***...]
Gold:   257        SH:  0    Dex:  4    Spells: 11/11 levels left

rFire   + + +      SeeInvis .     - Unarmed
rCold   . . .      Faith    .   (no shield)
rNeg    + . .      Spirit   .   b - +0 fire dragon scales of Grand Amelioration {rF++ rC- rN+ Regen+}
rPois   .          Reflect  .   (helmet restricted)
rElec   .          Harm     .   (no cloak)
rCorr   .          Rampage  .   (gloves unavailable)
Will    .....                   (boots unavailable)
Stlth   ..........              (no amulet)
HPRegen 1.87/turn               a - +4 ring of slaying {mikee}
MPRegen 0.12/turn               j - ring of protection from cold

@: lethally poisoned (-2 -> -51), fiery-armoured, slowed, very slow
A: large, unfitting armour, claws 3, regeneration 1, shaggy fur 1, tough skin 1,
robust 1, strong 1
a: Renounce Religion, Fiery Armour, Foxfire Swarm, Rising Flame


You were on level 9 of the Dungeon.
You worshipped Ignis.
Ignis was most pleased with you.
You visited 1 branch of the dungeon, and saw 9 of its levels.
You also visited: Ossuary.

You collected 361 gold pieces.
You spent 104 gold pieces at shops.


Innate Abilities, Weirdness & Mutations

You are too large for most types of armour.
You have claws for hands.
Your natural rate of healing is unusually fast.
You are covered in fur. (AC +1)
You have tough skin. (AC +1)
You are robust. (+10% HP)
Your muscles are strong. (Str +4, Int/Dex -1)


   Skills:
 - Level 5.0 Fighting
 - Level 3.1 Armour
 - Level 1.3 Dodging
 + Level 13.5 Unarmed Combat
 - Level 1.0 Spellcasting
 - Level 2.1 Fire Magic


You had 11 spell levels left.
You didn't know any spells.
Your spell library contained the following spells:

 Spells                   Type           Power      Damage    Failure   Level
 Scorch                   Fire           8%         2d5       45%         2

Inventory:

Armour
 b - the +0 fire dragon scales of Grand Amelioration (worn) {rF++ rC- rN+ Regen+}
   (You acquired it on level 1 of the Dungeon)

   rF:        It greatly protects you from fire.
   rC:        It makes you vulnerable to cold.
   rN:        It protects you from negative energy.
   Regen:     It increases your rate of health regeneration.
 f - +0 swamp dragon scales
Jewellery
 a - a +4 ring of slaying (left claw) {mikee}
 g - a ring of fire
 j - a ring of protection from cold (right claw)
Scrolls
 i - a scroll of identify
Potions
 c - 7 potions of curing
 d - 2 potions of resistance
 h - a potion of haste
 k - 2 potions of mutation
 l - 2 potions of cancellation {unknown}
 m - 3 potions of might

Dungeon Overview and Level Annotations

Branches:
Dungeon (9/15)             Temple (0/1) D:5         Ossuary (visited)
   Lair: D:8-11         Orc: D:9-12

Altars:
Ashenzari
Cheibriados
Fedhas
Hepliaklqana
Kikubaaqudgha
Nemelex Xobeh
Ru
Uskayaw
Yredelemnul

Shops:
D:4 !

Portals:
Abyss: D:3

Annotations:
D:3 2 transporters, qw's ghost, amateur TrCA
D:5 4 runed translucent doors, Crazy Yiuf; qw's ghost, amateur TeWr
D:7 1 runed translucent door, qw's ghost, novice TrCA
D:9 Amaemon


Message History

The orange demon closely misses you.
The scorpion stings you but does no damage.
The scorpion is burned by your cloak of flames.
You kill the scorpion!
The scorpion's corpse disappears in a puff of smoke!
The scorpion stings you.
The scorpion is burned by your cloak of flames.
You kill the scorpion!
The scorpion's corpse disappears in a puff of smoke!
The scorpion stings you but does no damage.
The scorpion is burned by your cloak of flames.
The scorpion is severely wounded.
The scorpion stings you but does no damage.
The scorpion misses you.
7491 ||| DRINKING potion of heal wounds.
You feel much better.
You feel extremely sick.
Amaemon casts a spell.
The scorpion stings you.
You are lethally poisoned!
The scorpion poisons you! The orange demon stings you from afar.
You are more poisoned.
The orange demon poisons you! The orc warrior closely misses you.
The scorpion closely misses you.
The scorpion stings you but does no damage.
The scorpion is burned by your cloak of flames.
The scorpion is severely wounded.
The orange demon closely misses you.
The orc warrior hits you from afar with a +0 trident.
The scorpion stings you but does no damage.
The scorpion barely misses you.
The scorpion stings you but does no damage.
The scorpion is burned by your cloak of flames.
The scorpion is lightly wounded.
7492 ||| Stepping ~*~*~tactically~*~*~ (outnumbered).
The scorpion attacks as you move away!
The scorpion stings you but does no damage.
The scorpion is burned by your cloak of flames.
The scorpion is almost dead.
You die...

...............
................
#>.............
#.......).....
#...........####
#..............#
#..............#
#...o..?.......#
#@s.4.).....####
#..ss.).....#
#ss6).).....#
#..s........#####
#..........[#)..#
#....>..........#
#.........(.....#
#.............###
#...........###


You could see Amaemon (empowered), an orange demon, an orc warrior and 6
scorpions.

Vanquished Creatures
  Maggie (D:7)
  A troll (D:9)
  Sigmund (D:6)
  A vampire (D:9)
  Grum (D:9)
  2 steam dragons
  Edmund (D:4)
  Duvessa (D:4)
  A water moccasin (D:5)
  2 black bears
  2 wolves (D:9)
  2 ogres
  2 centaurs
  Blork the orc (D:5)
  2 kobold brigands
  A phantom (D:5)
  2 bullfrogs (D:8)
  2 scorpions (D:5)
  3 water moccasin zombies (Ossuary)
  13 wights
  Dowan (D:4)
  An electric eel (D:8)
  7 killer bees
  8 howler monkeys
  3 orc priests
  4 hounds
  An iguana (D:4)
  3 orc wizards
  3 mummies
  3 adders
  A white imp (D:6)
  2 ufetubi
  6 adder zombies (Ossuary)
  2 worms
  2 dart slugs
  16 orcs
  6 ball pythons
  3 bats
  4 endoplasms
  A giant cockroach (D:1)
  4 goblins
  2 hobgoblins
  A quokka (D:2)
  5 frilled lizards
  3 gnoll zombies (Ossuary)
  4 hobgoblin zombies (Ossuary)
  11 kobolds
  2 kobold zombies (Ossuary)
  5 orc zombies (Ossuary)
  3 rats (D:1)
159 creatures vanquished.

Vanquished Creatures (others)
  2 orcs (D:8)
2 creatures vanquished.

Grand Total: 161 creatures vanquished

Notes
Turn   | Place    | Note
-------+----------+-------------------------------------------
     0 | D:1      | qw the Troll Cinder Acolyte began the quest for the Orb.
     0 | D:1      | Reached XP level 1. HP: 22/22 MP: 1/1
     0 | D:1      | 0 ||| qw: Version: 0.1-a-97-g2dd2ca4
     0 | D:1      | 0 ||| qw: Game counter: 4557
     0 | D:1      | 0 ||| qw: Always use a shield: true
     0 | D:1      | 0 ||| qw: God list: Okawaru
     0 | D:1      | 0 ||| qw: Allow faded altars: false
     0 | D:1      | 0 ||| qw: Do Orc after D:15 true
     0 | D:1      | 0 ||| qw: Do second Lair branch before Depths: true
     0 | D:1      | 0 ||| qw: Lair rune preference: random
     0 | D:1      | 0 ||| qw: Plans: Normal
     0 | D:1      | 0 ||| PLANNING D:1-11
   120 | D:1      | 120 ||| Stepping ~*~*~tactically~*~*~ (stealth).
   333 | D:1      | Reached XP level 2. HP: 29/29 MP: 2/2
   414 | D:1      | 414 ||| READING scroll labelled OBEOVAQU TOOGEIKH.
   415 | D:1      | 415 ||| READING scroll labelled WODDALYNAR.
   416 | D:1      | 416 ||| READING scroll labelled BIBA SUAPSECYM.
   416 | D:1      | Identified a scroll of acquirement
   416 | D:1      | 416 ||| ACQUIRING +0 fire dragon scales of Grand
                  | Amelioration {rF++ rC- rN+ Regen+}
   416 | D:1      | Acquired the +0 fire dragon scales of Grand Amelioration
                  | {rF++ rC- rN+ Regen+}
   418 | D:1      | 418 ||| UPGRADING to +0 fire dragon scales of Grand
                  | Amelioration {rF++ rC- rN+ Regen+}.
   428 | D:1      | 428 ||| DROPPING +0 robe.
   429 | D:1      | 429 ||| READING 3 scrolls labelled FIAXAMU QUWK.
   430 | D:1      | 430 ||| READING 2 scrolls labelled LOZEKK CEANALA.
   431 | D:1      | 431 ||| READING scroll labelled YSAJET FEOGH.
   434 | D:1      | 434 ||| READING scroll labelled NOITEG TEOL.
   435 | D:1      | 435 ||| READING 2 scrolls of identify.
   435 | D:1      | 435 ||| IDENTIFYING metallic black potion
   436 | D:1      | 436 ||| DROPPING potion of attraction.
   437 | D:1      | 437 ||| DROPPING scroll of fear.
   584 | D:2      | 584 ||| FLEEEEING.
   793 | D:2      | Reached skill level 4 in Unarmed Combat
  1061 | D:2      | 1061 ||| READING 3 scrolls labelled KAECOE EGYRIMP.
  1062 | D:2      | 1062 ||| READING scroll labelled GOROWEU PEHUYL EMI.
  1063 | D:2      | 1063 ||| DRINKING 2 fuming golden potions.
  1064 | D:2      | 1064 ||| DROPPING 2 scrolls of noise.
  1134 | D:3      | Reached XP level 3. HP: 36/36 MP: 3/3
  1218 | D:3      | Found a faded altar of an unknown god.
  1351 | D:3      | Noticed a small abomination
  1355 | D:3      | Found a transporter.
  1355 | D:3      | Found a one-way gate to the infinite horrors of the Abyss.
  1355 | D:3      | Noticed qw's ghost (amateur TrCA)
  1356 | D:3      | Noticed a small abomination
  1417 | D:3      | Found an ancient bone altar of Kikubaaqudgha.
  1528 | D:3      | Found a transporter.
  1541 | D:3      | Noticed a kobold brigand
  1699 | D:3      | Found a hazy altar of Hepliaklqana.
  1783 | D:3      | Noticed a small abomination
  1850 | D:3      | 1850 ||| UPGRADING to +4 ring of slaying {mikee}.
  1851 | D:3      | 1851 ||| DRINKING 2 fuming blue potions.
  1852 | D:3      | 1852 ||| DRINKING 2 smoky blue potions.
  1853 | D:3      | 1853 ||| DROPPING potion of flight.
  1919 | D:4      | Noticed Dowan
  1920 | D:4      | Noticed Duvessa
  1921 | D:4      | 1921 ||| INVOKING Fiery Armour.
  1925 | D:4      | Killed Dowan
  1926 | D:4      | Reached skill level 5 in Unarmed Combat
  1926 | D:4      | Reached XP level 4. HP: 44/44 MP: 4/4
  1929 | D:4      | HP: 2/44 [Duvessa/+2 vampiric rapier (13)]
  1930 | D:4      | 1930 ||| READING scroll of teleportation.
  1933 | D:4      | Killed Duvessa
  1934 | D:4      | Reached XP level 5. HP: 7/50 MP: 5/5
  2151 | D:4      | Reached XP level 6. HP: 59/59 MP: 6/6
  2194 | D:4      | Found Ofiril's Distillery.
  2202 | D:4      | 2202 ||| BUYING potion of curing (39 gold).
  2202 | D:4      | Bought a potion of curing for 39 gold pieces
  2202 | D:4      | 2202 ||| BUYING potion of heal wounds (65 gold).
  2202 | D:4      | Bought a potion of heal wounds for 65 gold pieces
  2202 | D:4      | 2202 ||| SHOPLISTING potion of might (52 gold, have 27).
  2202 | D:4      | 2202 ||| SHOPLISTING potion of mutation (104 gold, have
                  | 27).
  2247 | D:4      | Noticed Edmund
  2258 | D:4      | Killed Edmund
  2259 | D:4      | Reached skill level 6 in Unarmed Combat
  2400 | D:4      | Found a hide-covered altar of Uskayaw.
  2425 | D:4      | Found Kuos's Tremendous Tomes.
  2555 | D:4      | 2555 ||| Stepping ~*~*~tactically~*~*~ (stealth).
  2661 | D:4      | 2661 ||| DRINKING 2 murky yellow potions.
  2662 | D:4      | 2662 ||| READING 2 scrolls of identify.
  2662 | D:4      | 2662 ||| IDENTIFYING lumpy puce potion
  2663 | D:4      | 2663 ||| DROPPING potion of degeneration.
  2675 | D:4      | 2675 ||| Stepping ~*~*~tactically~*~*~ (stealth).
  2683 | D:4      | 2683 ||| Stepping ~*~*~tactically~*~*~ (stealth).
  2753 | D:4      | 2753 ||| READING 2 scrolls of teleportation.
  2754 | D:4      | 2754 ||| STAIRDANCE
  2924 | D:4      | 2924 ||| READING scroll of teleportation.
  2925 | D:4      | 2925 ||| STAIRDANCE
  2959 | D:5      | Entered Level 5 of the Dungeon
  2959 | D:5      | Noticed a water moccasin
  2959 | D:5      | You fall into a shaft and drop 2 floors!
  2960 | D:7      | 2960 ||| PLANNING OSSUARY
  2975 | D:7      | Noticed Maggie
  2976 | D:7      | 2976 ||| Stepping ~*~*~tactically~*~*~ (hiding).
  2978 | D:7      | 2978 ||| Stepping ~*~*~tactically~*~*~ (hiding).
  2992 | D:7      | Killed Maggie
  2993 | D:7      | Reached skill level 8 in Unarmed Combat
  2993 | D:7      | Reached XP level 7. HP: 55/66 MP: 7/7
  3003 | D:7      | Reached skill level 3 in Fighting
  3055 | D:7      | Found a broken altar of Ashenzari.
  3382 | D:7      | 3382 ||| READING 2 scrolls of identify.
  3382 | D:7      | 3382 ||| IDENTIFYING lumpy green potion
  3383 | D:7      | 3383 ||| DROPPING potion of brilliance.
  3393 | D:6      | Found a snail-covered altar of Cheibriados.
  3462 | D:6      | 3462 ||| READING scroll labelled QEWIUCZ SOTU.
  3481 | D:5      | Reached XP level 8. HP: 75/75 MP: 8/8
  3518 | D:5      | Reached skill level 9 in Unarmed Combat
  3549 | D:5      | 3549 ||| INVOKING Fiery Armour.
  3589 | D:5      | Found a sand-covered staircase.
  3605 | Ossuary  | Entered an ossuary
  3670 | Ossuary  | 3670 ||| INVOKING Fiery Armour.
  3699 | Ossuary  | Reached skill level 10 in Unarmed Combat
  3730 | Ossuary  | Identified the +9 hand axe of the Wicked God {vamp, MP+9}
  3737 | Ossuary  | 3737 ||| READING scroll labelled RADOUWIACE.
  3755 | Ossuary  | 3755 ||| READING scroll labelled BUOFOFRASIN.
  3756 | Ossuary  | 3756 ||| READING scroll labelled DEUCHI IGAOQUA.
  3765 | D:5      | 3765 ||| PLANNING D:1-11
  3803 | D:5      | 3803 ||| Stepping ~*~*~tactically~*~*~ (hiding).
  3806 | D:5      | 3806 ||| Stepping ~*~*~tactically~*~*~ (hiding).
  3967 | D:5      | 3967 ||| Stepping ~*~*~tactically~*~*~ (hiding).
  3969 | D:5      | 3969 ||| Stepping ~*~*~tactically~*~*~ (hiding).
  4009 | D:5      | Found a sparkling altar of Nemelex Xobeh.
  4037 | D:5      | Found a runed translucent door.
  4038 | D:5      | Noticed Crazy Yiuf
  4073 | D:5      | Noticed Blork the orc
  4086 | D:5      | Killed Blork the orc
  4172 | D:5      | Found a staircase to the Ecumenical Temple.
  4185 | D:5      | Found a runed translucent gate.
  4186 | D:5      | 4186 ||| FLEEEEING.
  4187 | D:5      | 4187 ||| FLEEEEING.
  4188 | D:5      | 4188 ||| FLEEEEING.
  4305 | D:5      | Found a runed translucent gate.
  4306 | D:5      | Found a runed translucent gate.
  4308 | D:5      | Noticed qw's ghost (amateur TeWr)
  4513 | D:5      | 4513 ||| DRINKING 2 fizzy red potions.
  4514 | D:5      | 4514 ||| READING 2 scrolls of identify.
  4514 | D:5      | 4514 ||| IDENTIFYING green potion
  4515 | D:5      | 4515 ||| DROPPING potion of lignification.
  4516 | D:5      | 4516 ||| DROPPING potion of invisibility.
  4543 | D:4      | 4543 ||| READING 3 scrolls of teleportation.
  4713 | D:4      | 4713 ||| READING 2 scrolls of teleportation.
  4743 | D:6      | Noticed Sigmund
  4744 | D:6      | 4744 ||| Stepping ~*~*~tactically~*~*~ (hiding).
  4745 | D:6      | 4745 ||| Stepping ~*~*~tactically~*~*~ (hiding).
  4750 | D:6      | Killed Sigmund
  4871 | D:6      | 4871 ||| Stepping ~*~*~tactically~*~*~ (stealth).
  4872 | D:6      | 4872 ||| Stepping ~*~*~tactically~*~*~ (stealth).
  4874 | D:6      | 4874 ||| Stepping ~*~*~tactically~*~*~ (stealth).
  4899 | D:6      | 4899 ||| Stepping ~*~*~tactically~*~*~ (stealth).
  4900 | D:6      | 4900 ||| Stepping ~*~*~tactically~*~*~ (stealth).
  4902 | D:6      | 4902 ||| Stepping ~*~*~tactically~*~*~ (stealth).
  4905 | D:6      | 4905 ||| Stepping ~*~*~tactically~*~*~ (stealth).
  4907 | D:6      | 4907 ||| Stepping ~*~*~tactically~*~*~ (stealth).
  4908 | D:6      | 4908 ||| Stepping ~*~*~tactically~*~*~ (stealth).
  4914 | D:6      | 4914 ||| Stepping ~*~*~tactically~*~*~ (stealth).
  4918 | D:6      | 4918 ||| INVOKING Fiery Armour.
  4919 | D:6      | HP: 9/77 [ogre/+0 giant spiked club (21)]
  4920 | D:6      | 4920 ||| READING scroll of teleportation.
  4920 | D:6      | HP: 3/77 [ogre/+0 giant spiked club (8)]
  4921 | D:6      | Reached skill level 11 in Unarmed Combat
  4921 | D:6      | Reached XP level 9. HP: 3/84 MP: 9/9
  4921 | D:6      | 4921 ||| FLEEEEING.
  4922 | D:6      | 4922 ||| FLEEEEING.
  4923 | D:6      | 4923 ||| FLEEEEING.
  4924 | D:6      | 4924 ||| FLEEEEING.
  5003 | D:6      | 5003 ||| Stepping ~*~*~tactically~*~*~ (stealth).
  5004 | D:6      | 5004 ||| Stepping ~*~*~tactically~*~*~ (stealth).
  5010 | D:6      | 5010 ||| Stepping ~*~*~tactically~*~*~ (stealth).
  5011 | D:6      | 5011 ||| Stepping ~*~*~tactically~*~*~ (stealth).
  5013 | D:6      | 5013 ||| Stepping ~*~*~tactically~*~*~ (outnumbered).
  5014 | D:6      | 5014 ||| Stepping ~*~*~tactically~*~*~ (outnumbered).
  5015 | D:6      | 5015 ||| Stepping ~*~*~tactically~*~*~ (outnumbered).
  5016 | D:6      | 5016 ||| Stepping ~*~*~tactically~*~*~ (outnumbered).
  5018 | D:6      | Reached skill level 1 in Dodging
  5051 | D:6      | 5051 ||| Stepping ~*~*~tactically~*~*~ (outnumbered).
  5052 | D:6      | 5052 ||| Stepping ~*~*~tactically~*~*~ (outnumbered).
  5053 | D:6      | 5053 ||| Stepping ~*~*~tactically~*~*~ (outnumbered).
  5054 | D:6      | 5054 ||| Stepping ~*~*~tactically~*~*~ (outnumbered).
  5055 | D:6      | 5055 ||| Stepping ~*~*~tactically~*~*~ (outnumbered).
  5056 | D:6      | 5056 ||| Stepping ~*~*~tactically~*~*~ (outnumbered).
  5057 | D:6      | 5057 ||| Stepping ~*~*~tactically~*~*~ (outnumbered).
  5058 | D:6      | 5058 ||| Stepping ~*~*~tactically~*~*~ (outnumbered).
  5059 | D:6      | 5059 ||| Stepping ~*~*~tactically~*~*~ (outnumbered).
  5060 | D:6      | 5060 ||| Stepping ~*~*~tactically~*~*~ (outnumbered).
  5061 | D:6      | 5061 ||| Stepping ~*~*~tactically~*~*~ (outnumbered).
  5062 | D:6      | 5062 ||| Stepping ~*~*~tactically~*~*~ (outnumbered).
  5063 | D:6      | 5063 ||| Stepping ~*~*~tactically~*~*~ (outnumbered).
  5167 | D:6      | 5167 ||| Stepping ~*~*~tactically~*~*~ (stealth).
  5221 | D:6      | Found a blossoming altar of Fedhas.
  5344 | D:6      | 5344 ||| UPGRADING to ring of protection from cold.
  5345 | D:6      | 5345 ||| READING scroll labelled DUIMNE ITAL.
  5346 | D:6      | 5346 ||| DRINKING 3 fuming puce potions.
  5346 | D:6      | Gained mutation: Your muscles are strong. (Str +4, Int/Dex
                  | -1) [potion of mutation]
  5346 | D:6      | Gained mutation: You are robust. (+10% HP) [potion of
                  | mutation]
  5350 | D:6      | 5350 ||| READING 3 scrolls of identify.
  5350 | D:6      | 5350 ||| IDENTIFYING dark potion
  5351 | D:6      | 5351 ||| READING 2 scrolls of identify.
  5351 | D:6      | 5351 ||| IDENTIFYING brown potion
  5352 | D:6      | 5352 ||| DROPPING potion of ambrosia.
  5691 | D:7      | Found a runed translucent door.
  5699 | D:7      | Noticed qw's ghost (novice TrCA)
  5750 | D:7      | 5750 ||| Stepping ~*~*~tactically~*~*~ (hiding).
  6293 | D:7      | 6293 ||| READING scroll labelled TAKLOUKIGYU.
  6294 | D:7      | 6294 ||| Stepping randomly (stuck).
  6295 | D:7      | 6295 ||| Stepping ~*~*~tactically~*~*~ (cloud).
  6342 | D:8      | 6342 ||| Stepping ~*~*~tactically~*~*~ (hiding).
  6344 | D:8      | 6344 ||| Stepping ~*~*~tactically~*~*~ (stealth).
  6347 | D:8      | 6347 ||| Stepping ~*~*~tactically~*~*~ (hiding).
  6350 | D:8      | 6350 ||| Stepping ~*~*~tactically~*~*~ (hiding).
  6351 | D:8      | 6351 ||| STAIRDANCE
  6521 | D:8      | 6521 ||| STAIRDANCE
  6586 | D:8      | 6586 ||| STAIRDANCE
  6722 | D:8      | 6722 ||| Stepping ~*~*~tactically~*~*~ (stealth).
  6730 | D:8      | 6730 ||| Stepping ~*~*~tactically~*~*~ (outnumbered).
  6735 | D:8      | Reached skill level 12 in Unarmed Combat
  6740 | D:8      | 6740 ||| Stepping ~*~*~tactically~*~*~ (stealth).
  6744 | D:8      | 6744 ||| Stepping ~*~*~tactically~*~*~ (hiding).
  6777 | D:8      | Found a sacrificial altar of Ru.
  6873 | D:8      | 6873 ||| Stepping ~*~*~tactically~*~*~ (outnumbered).
  6874 | D:8      | 6874 ||| Stepping ~*~*~tactically~*~*~ (outnumbered).
  6875 | D:8      | 6875 ||| Stepping ~*~*~tactically~*~*~ (outnumbered).
  6876 | D:8      | 6876 ||| Stepping ~*~*~tactically~*~*~ (outnumbered).
  6888 | D:8      | 6888 ||| Stepping ~*~*~tactically~*~*~ (stealth).
  7084 | D:8      | 7084 ||| Stepping ~*~*~tactically~*~*~ (stealth).
  7086 | D:8      | Identified the +2 spear "Spiderslayer" {chaos, rC+ Dex+5}
  7093 | D:8      | 7093 ||| INVOKING Fiery Armour.
  7106 | D:8      | 7106 ||| FLEEEEING.
  7107 | D:8      | 7107 ||| FLEEEEING.
  7108 | D:8      | 7108 ||| FLEEEEING.
  7109 | D:8      | 7109 ||| FLEEEEING.
  7110 | D:8      | 7110 ||| FLEEEEING.
  7111 | D:8      | 7111 ||| FLEEEEING.
  7112 | D:8      | 7112 ||| FLEEEEING.
  7113 | D:8      | 7113 ||| FLEEEEING.
  7114 | D:8      | 7114 ||| FLEEEEING.
  7115 | D:8      | 7115 ||| FLEEEEING.
  7116 | D:8      | 7116 ||| FLEEEEING.
  7117 | D:8      | 7117 ||| FLEEEEING.
  7118 | D:8      | 7118 ||| FLEEEEING.
  7119 | D:8      | 7119 ||| FLEEEEING.
  7120 | D:8      | 7120 ||| FLEEEEING.
  7121 | D:8      | 7121 ||| FLEEEEING.
  7122 | D:8      | 7122 ||| FLEEEEING.
  7123 | D:8      | 7123 ||| FLEEEEING.
  7124 | D:8      | 7124 ||| STAIRDANCE
  7323 | D:8      | Found a basalt altar of Yredelemnul.
  7373 | D:9      | Noticed Grum
  7374 | D:9      | 7374 ||| INVOKING Fiery Armour.
  7385 | D:9      | Reached skill level 13 in Unarmed Combat
  7388 | D:9      | HP: 21/96 [Grum/-1 spear of freezing (6)]
  7389 | D:9      | 7389 ||| DRINKING 6 potions of heal wounds.
  7393 | D:9      | 7393 ||| DRINKING 5 potions of heal wounds.
  7393 | D:9      | HP: 21/96 [Grum/-1 spear of freezing (6)]
  7394 | D:9      | 7394 ||| DRINKING 4 potions of heal wounds.
  7397 | D:9      | Killed Grum
  7398 | D:9      | Reached skill level 3 in Armour
  7398 | D:9      | Reached XP level 10. HP: 55/105 MP: 10/10
  7448 | D:9      | 7448 ||| Stepping ~*~*~tactically~*~*~ (hiding).
  7466 | D:9      | 7466 ||| Stepping ~*~*~tactically~*~*~ (outnumbered).
  7467 | D:9      | 7467 ||| Stepping ~*~*~tactically~*~*~ (outnumbered).
  7468 | D:9      | 7468 ||| Stepping ~*~*~tactically~*~*~ (outnumbered).
  7470 | D:9      | Noticed Amaemon
  7477 | D:9      | 7477 ||| DRINKING 8 potions of curing.
  7477 | D:9      | 7477 ||| (to cure confusion)
  7479 | D:9      | Noticed an orange demon
  7484 | D:9      | 7484 ||| INVOKING Fiery Armour.
  7485 | D:9      | 7485 ||| Stepping ~*~*~tactically~*~*~ (outnumbered).
  7487 | D:9      | 7487 ||| Stepping ~*~*~tactically~*~*~ (outnumbered).
  7487 | D:9      | HP: 24/105 [poisoned by Amaemon]
  7487 | D:9      | HP: 6/105 [scorpion[Amaemon] (6)]
  7488 | D:9      | 7488 ||| DRINKING 3 potions of heal wounds.
  7489 | D:9      | 7489 ||| DRINKING 2 potions of heal wounds.
  7490 | D:9      | 7490 ||| Stepping ~*~*~tactically~*~*~ (outnumbered).
  7491 | D:9      | 7491 ||| DRINKING potion of heal wounds.
  7492 | D:9      | 7492 ||| Stepping ~*~*~tactically~*~*~ (outnumbered).
  7492 | D:9      | Succumbed to an orange demon's poison

Levels and vault maps discovered:
D:1:      dpeg_arrival_round_b, layout_basic, minmay_heptomino_h4
D:2:      layout_loops_ring, nicolae_elevator_lobby_asterisk
D:3:      layout_basic, mainiacjoe_overflow_surrounded_room,
          kiku_gazebo_garden_becter, ebering_ecumenical_altar_sacrificial,
          gammafunk_ghost_abyssal_escape
D:4:      wander_river, layout_loops_ring, nicolae_overflow_hidden_temple,
          serial_shops, shop, corexii_shack, chequers_hall_statues_y,
          chequers_serial_rivers_room_b, nicolae_shop_i_like_big_books,
          minmay_misc_feat_enclosed, uniq_edmund, uniq_duvessa
D:5:      layout_rooms, nemelex_diamond_rough_becter, minmay_temple_entry_mist,
          gup_ossuary_entry_pyramid, biasface_ghost_orc_armoury,
          serial_bayou_ford_a, uniq_crazy_yiuf_cottage, uniq_blork_the_orc
D:6:      layout_rooms, mainiacjoe_overflow_paths, marbit_many_paths,
          uniq_sigmund
D:7:      black_bear_nest_1, layout_layer_cave, nicolae_ashenzari_panopticon,
          ebering_ghost_reflecting_pool, grunt_decor_resistance, uniq_maggie
D:8:      layout_basic, nicolae_ru_sacrificial_ziggurat, lemuel_round_altar,
          enter_bailey_2, minivault_14
D:9:      layout_cross, mainiacjoe_overflow_tiny_flanked, serial_shops,
          kennysheep_mini_moat, roderic_roman_lattice, uniq_amaemon, uniq_grum

Skill      XL: |  1  2  3  4  5  6  7  8  9 |
---------------+----------------------------+-----
Unarmed Combat | 4 5 8 11 13 | 13.5
Armour         | 2 3 |  3.1
Fighting       | 3 4 5 |  5.0
Dodging        | 1 |  1.3
Spellcasting   | |  1.0
Fire Magic     | |  2.1

Action                   |  1- 3 |  4- 6 |  7- 9 | 10-12 || total
-------------------------+-------+-------+-------+-------++-------
Melee: Unarmed           |    88 |    51 |   227 |    17 ||   383
       Punch             |     2 |     2 |    14 |     3 ||    21
Invok: Fiery Armour      |     1 |       |     5 |     1 ||     7
  Use: Scroll            |    10 |     4 |    13 |       ||    27
       Potion            |     3 |     1 |     5 |     4 ||    13
Armor: Robe              |    13 |       |       |       ||    13
       Fire dragon scale |    27 |    18 |   117 |    76 ||   238
Dodge: Dodged            |    17 |    13 |    71 |    41 ||   142

Table legend:
 A = Non-vault XP
 B = Vault XP
 C = Vault XP percentage of total XP
 D = Non-vault monster count
 E = Vault monster count
 F = Vault count percentage of total count
                 A         B        C        D         E       F
            +---------+---------+-------+---------+---------+-------
      Total |    4728 |    1999 |  29.7 |     120 |      40 |  25.0
            +---------+---------+-------+---------+---------+-------
        D:1 |      12 |       2 |  14.3 |       9 |       2 |  18.2
        D:2 |      19 |       0 |   0.0 |       8 |       0 |   0.0
        D:3 |      31 |       0 |   0.0 |       9 |       0 |   0.0
        D:4 |     161 |     387 |  70.6 |      12 |       4 |  25.0
        D:5 |     586 |     114 |  16.3 |      10 |       2 |  16.7
        D:6 |     914 |     217 |  19.2 |      19 |       2 |   9.5
        D:7 |     337 |     540 |  61.6 |       9 |       2 |  18.2
        D:8 |    1496 |       0 |   0.0 |      32 |       0 |   0.0
        D:9 |    1172 |     414 |  26.1 |      12 |       3 |  20.0
    Ossuary |       0 |     325 | 100.0 |       0 |      25 | 100.0
            +---------+---------+-------+---------+---------+-------
